 Dungeon Crawl Stone Soup version 0.30-a0-777-ga9a30cbeda (webtiles) character file.

Game seed: 15096528775129023754

3034 Smoke131 the Thrower (level 9, -15/80 (81) HPs)
             Began as an Ogre Gladiator on Feb 14, 2023.
             Was an Initiate of Okawaru.
             Demolished by an anaconda simulacrum (16 damage)
             ... on level 1 of the Abyss on Feb 15, 2023.
             The game lasted 00:34:08 (10718 turns).

Smoke131 the Thrower (Ogre Gladiator)              Turns: 10718, Time: 00:34:08

HP:   -15/80 (81)   AC:  7    Str: 20    XL:     9   Next: 86%
MP:   11/11         EV:  7    Int:  9    God:    Okawaru [......]
Gold: 306           SH:  0    Dex: 14    Spells: 8/8 levels left

rFire   + . .      SeeInvis .    v - +3 trident (venom)
rCold   + . .      Faith    .    (no shield)
rNeg    . . .      Spirit   .    b - +0 robe
rPois   .          Reflect  .    c - +2 hat
rElec   .          Harm     .    y - +1 cloak
rCorr   .          Rampage  .    (gloves unavailable)
Will    .....                    (boots unavailable)
Stlth   +                        (no amulet)
HPRegen 0.33/turn                f - ring of protection from cold
MPRegen 0.12/turn                l - ring of protection from fire

@: constricted, lightly drained
A: large, unfitting armour, tough skin 1
a: Renounce Religion


You were on level 1 of the Abyss.
You worshipped Okawaru.
Okawaru was noncommittal.
You visited 2 branches of the dungeon, and saw 9 of its levels.
You visited the Abyss 1 time.

You collected 418 gold pieces.
You spent 112 gold pieces at shops.

Inventory:

Hand Weapons
 v - a +3 trident of venom (weapon)
 w - a +0 whip
 x - a +2 dire flail of holy wrath
 C - a +1 flail of protection
Missiles
 a - 20 poisoned darts (quivered)
 d - 2 throwing nets
 e - a large rock
 i - 81 stones
 q - 4 boomerangs
 t - a silver boomerang
Armour
 b - a +0 robe (worn)
 c - a +2 hat (worn)
 y - a +1 cloak (worn)
Jewellery
 f - a ring of protection from cold (left hand)
 l - a ring of protection from fire (right hand)
 A - a ring of flight
 B - a ring of willpower
Wands
 g - a wand of polymorph (5)
 k - a wand of iceblast (13)
 u - a wand of flame (72)
 G - a wand of quicksilver (4)
Scrolls
 h - 2 scrolls of fear {unknown}
 n - 2 scrolls of teleportation
 s - 12 scrolls of identify
Potions
 m - a potion of might
 o - 9 potions of curing
 z - a potion of attraction
 D - 2 potions of resistance
 E - a potion of mutation
 F - a potion of berserk rage {unknown}


   Skills:
 - Level 3.0 Fighting
 - Level 3.0 Axes
 + Level 12.8 Throwing
 - Level 3.0 Dodging
 * Level 3.7 Invocations


You had 8 spell levels left.
You didn't know any spells.
Your spell library contained the following spells:

 Spells                   Type           Power      Damage    Failure   Level
 Apportation              Tloc           0%         N/A       38%         1
 Freeze                   Ice            0%         1d3       38%         1
 Blink                    Tloc           0%         N/A       52%         2
 Frozen Ramparts          Ice            0%         1d1       77%         3
 Hailstorm                Conj/Ice       0%         3d3       77%         3
 Ignite Poison            Fire/Tmut/Pois 0%         N/A       77%         3
 Kindle Blastsparks       Fire/Tloc/Air  0%         2d10      77%         3
 Manifold Assault         Tloc           0%         N/A       99%         4
 Alistair's Intoxication  Tmut/Pois      0%         N/A       100%        5
 Freezing Cloud           Conj/Ice/Air   0%         6-21      100%        5
 Storm Form               Tmut/Air       0%         N/A       100%        7


Dungeon Overview and Level Annotations

Branches:
Dungeon (8/15)             Temple (1/1) D:7
   Lair: D:8-11

Altars:
Ashenzari
Cheibriados
Elyvilon
Fedhas
Gozag
Hepliaklqana
Makhleb
Nemelex Xobeh
Okawaru
Ru
Sif Muna
Trog
Uskayaw
Vehumet
Wu Jian
Xom
The Shining One

Shops:
D:7 [   D:8 !

Annotations:
D:8 Psyche


Innate Abilities, Weirdness & Mutations

You are too large for most types of armour.
You have tough skin. (AC +1)


Message History

The anaconda simulacrum constricts you. The anaconda simulacrum bites you!
The anaconda simulacrum freezes you! You resist.
The anaconda simulacrum constricts you.
You barely miss the anaconda simulacrum.
The anaconda simulacrum completely misses you.
The anaconda simulacrum constricts you. The anaconda simulacrum bites you.
The anaconda simulacrum freezes you! You resist.
The anaconda simulacrum constricts you.
You escape the anaconda simulacrum's grasp.
The anaconda simulacrum attacks as you move away!
The anaconda simulacrum barely misses you.
The anaconda simulacrum bites you. The anaconda simulacrum freezes you!
You resist.
* * * LOW HITPOINT WARNING * * *
Throw: boomerang (disperse)
Press: ? - help, Q - select action, (/) - cycle Shift-Dir - straight line, f - anaconda simulacrum
Aim: an anaconda simulacrum (63% to hit)
You throw a boomerang of dispersal.
The boomerang of dispersal barely misses the anaconda simulacrum.
The anaconda simulacrum grabs you.
The anaconda simulacrum bites you but does no damage.
The anaconda simulacrum constricts you.
* * * LOW HITPOINT WARNING * * *
Throw: 22 darts (poison)
Press: ? - help, Q - select action, (/) - cycle Shift-Dir - straight line, f/p - anaconda simulacrum
Aim: an anaconda simulacrum (constricting you, 63% to hit)
You throw a poisoned dart.
The poisoned dart hits the anaconda simulacrum!
The anaconda simulacrum barely misses you.
The anaconda simulacrum constricts you.
* * * LOW HITPOINT WARNING * * *
Throw: 21 darts (poison)
Press: ? - help, Q - select action, (/) - cycle Shift-Dir - straight line, f/p - anaconda simulacrum
Aim: an anaconda simulacrum (constricting you, 63% to hit)
You throw a poisoned dart.
The poisoned dart hits the anaconda simulacrum!
The anaconda simulacrum bites you!
* * * LOW HITPOINT WARNING * * *
The anaconda simulacrum freezes you! You resist.
You die...

###
..####
.#.#
##..###
#.Z...#
##@.##..#
#.### ..
# #. .#.
#. . . ##
.. .


You could see an anaconda simulacrum.

Vanquished Creatures
  A wraith (D:7)
  Edmund (D:4)
  Menkaure (D:7)
  A water moccasin (D:7)
  Pargi (D:3)
  5 ice beasts
  3 black bears
  3 ogres
  2 kobold brigands
  5 bullfrogs
  A scorpion (D:4)
  2 necrophages
  Crazy Yiuf (D:7)
  An orc priest (D:8)
  A gnoll bouda (D:4)
  6 hounds
  2 jellies (D:4)
  Jessica (D:3)
  An iguana (D:6)
  7 orc wizards
  5 gnolls
  10 adders
  3 shadow imps
  2 white imps (D:6)
  An ufetubus (D:7)
  2 worms
  4 dart slugs
  17 orcs
  6 ball pythons
  7 endoplasms
  A giant cockroach (D:2)
  2 goblins
  6 hobgoblins
  16 kobolds
  3 quokkas
  9 bats
  3 frilled lizards
  2 rats
145 creatures vanquished.

Notes
Turn   | Place    | Note
-------+----------+-------------------------------------------
     0 | D:1      | Smoke131 the Ogre Gladiator began the quest for the Orb.
     0 | D:1      | Reached XP level 1. HP: 22/22 MP: 1/1
   328 | D:1      | Reached XP level 2. HP: 31/31 MP: 2/2
   376 | D:1      | Found a faded altar of an unknown god.
  1037 | D:2      | Reached skill level 3 in Throwing
  1037 | D:2      | Reached XP level 3. HP: 22/37 MP: 3/3
  1553 | D:2      | Reached XP level 4. HP: 34/45 MP: 4/4
  1566 | D:2      | Reached skill level 4 in Throwing
  1752 | D:2      | Identified the +1 short sword of the Foot {flame, MP+9
                  | Stlth+}
  2439 | D:3      | Noticed Pargi
  2451 | D:3      | Killed Pargi
  2452 | D:3      | Reached skill level 5 in Throwing
  2452 | D:3      | Reached XP level 5. HP: 45/53 MP: 5/5
  2534 | D:3      | Noticed Jessica
  2676 | D:3      | Found a sacrificial altar of Ru.
  3022 | D:3      | Found a bloodstained altar of Trog.
  3155 | D:3      | Reached XP level 6. HP: 54/61 MP: 6/6
  3429 | D:3      | Killed Jessica
  3430 | D:3      | Reached skill level 6 in Throwing
  3445 | D:3      | Found a shimmering blue altar of Sif Muna.
  3525 | D:4      | Noticed Edmund
  4018 | D:4      | Noticed a black bear
  4024 | D:4      | Killed a black bear
  4185 | D:4      | Reached skill level 7 in Throwing
  4194 | D:4      | Reached XP level 7. HP: 24/67 MP: 7/7
  5046 | D:4      | Killed Edmund
  5047 | D:4      | Reached skill level 8 in Throwing
  5216 | D:5      | Entered Level 5 of the Dungeon
  5420 | D:5      | Reached XP level 8. HP: 47/75 MP: 8/8
  5481 | D:5      | Found a transporter.
  5768 | D:5      | Reached skill level 9 in Throwing
  5811 | D:5      | Found a transporter.
  6190 | D:5      | Reached skill level 10 in Throwing
  6420 | D:6      | Found a shimmering altar of Xom.
  6843 | D:6      | Reached skill level 11 in Throwing
  6898 | D:6      | Reached XP level 9. HP: 78/81 MP: 9/9
  7417 | D:6      | Found a burning altar of Makhleb.
  7476 | D:7      | Noticed Menkaure
  7480 | D:7      | Killed Menkaure
  8046 | D:7      | Found an ornate altar of the Wu Jian Council.
  8088 | D:7      | Reached skill level 12 in Throwing
  8332 | D:7      | Found Celiysog's Antique Armour Boutique.
  8459 | D:7      | Found a runed translucent door.
  8460 | D:7      | Noticed Crazy Yiuf
  8470 | D:7      | Killed Crazy Yiuf
  9350 | D:7      | Found a staircase to the Ecumenical Temple.
  9358 | Temple   | Entered the Ecumenical Temple
  9418 | Temple   | Became a worshipper of Warmaster Okawaru
  9477 | D:7      | Reached skill level 1 in Invocations
  9525 | D:7      | Found a snail-covered altar of Cheibriados.
  9601 | D:8      | Noticed Psyche
  9913 | D:8      | Found a hide-covered altar of Uskayaw.
 10109 | D:8      | Found Seir's Distillery.
 10132 | D:8      | Bought a potion of mutation for 112 gold pieces
 10142 | D:8      | Found a broken altar of Ashenzari.
 10448 | D:8      | Found an opulent altar of Gozag.
 10518 | Abyss:1  | Cast into level 1 of the Abyss (Psyche)
 10531 | Abyss:1  | Found a hazy altar of Hepliaklqana.
 10566 | Abyss:1  | Noticed a worldbinder
 10573 | Abyss:1  | Noticed an ironbound thunderhulk
 10575 | Abyss:1  | HP: 4/80 [raiju/living lightning (7)]
 10582 | Abyss:1  | Noticed a +2 short sword of speed
 10718 | Abyss:1  | HP: 1/80 [anaconda simulacrum (12)]
 10718 | Abyss:1  | Demolished by an anaconda simulacrum

Illustrated notes

Levels and vault maps discovered:
D:1:      dpeg_arrival_refuge, layout_loops_corners,
          chequers_ecumenical_altar_island, amcnicky_mini_corridor_feature,
          chequers_serial_rivers_large_a
D:2:      minmay_razor_zed, layout_loops_corners, minmay_misc_feat_rows,
          wander_ebering_terrifying_dragon_lair
D:3:      layout_basic, mainiacjoe_overflow_small_starburst, tgw_sif,
          hangedman_ru_absence, uniq_jessica, uniq_pargi
D:4:      layout_loops_cross, roderic_roman_lattice, abandoned_shop,
          chequers_serial_rivers_micro_d, uniq_edmund
D:5:      gammafunk_cloud_chamber, layout_rooms
D:6:      layout_loops_ring, mainiacjoe_overflow_surrounded_room,
          makhleb_blood_cavern_becter, reono_crystal_passage
D:7:      layout_layer_cave, pdpol_wu_jian_five_deadly_venoms, slow_altar_2,
          minmay_temple_entry_glassed_door, serial_shops,
          nicolae_shop_hallway_stairs, corexii_corridor_pit,
          uniq_crazy_yiuf_cottage, uniq_menkaure
D:8:      layout_cave_pools, nicolae_uskayaw_dance_hall, marbit_many_paths,
          overflow_temple_1_default, serial_shops, shop, uniq_psyche
Temple:   bh_familiar_temple
Abyss:1:  base: D:2, spicy_abyss_unhelpful_harpoons

Skill      XL: |  1  2  3  4  5  6  7  8  9 |
---------------+----------------------------+-----
Fighting       | 3 |  3.0
Dodging        | 3 |  3.0
Throwing       | 3 5 7 8 11 12 | 12.8
Invocations    | 3 |  3.7
Axes           | |  3.0

Action                     |  1- 3 |  4- 6 |  7- 9 || total
---------------------------+-------+-------+-------++-------
  Melee: War axe           |    92 |     3 |       ||    95
         Punch             |     1 |     3 |     2 ||     6
         Short sword       |       |   100 |    21 ||   121
         Whip              |       |    21 |       ||    21
         Trident           |       |       |   278 ||   278
         Unarmed           |       |       |     1 ||     1
  Throw: Dart              |       |     7 |    42 ||    49
         Throwing net      |       |     2 |       ||     2
         Large rock        |       |     1 |     1 ||     2
         Boomerang         |       |    11 |    16 ||    27
         Stone             |       |       |     6 ||     6
  Evoke: Wand              |       |       |    11 ||    11
    Use: Scroll            |       |     7 |    12 ||    19
         Potion            |       |       |    12 ||    12
   Stab: Sleeping          |       |     9 |       ||     9
         Distracted        |       |       |     1 ||     1
 Armour: Robe              |    45 |    34 |    97 ||   176
  Dodge: Dodged            |    64 |    71 |   180 ||   315

Table legend: (Time is in decaauts)
 A = Elapsed time spent in this place.
 B = Non-inter-level travel time spent in this place.
 C = Inter-level travel time spent in this place.
 D = Time resting spent in this place.
 E = Time spent auto-exploring this place.
 F = Levels seen in this place.
 G = Mean time per level.
                   A        B        C        D        E       F      G
               +--------+--------+--------+--------+--------+-----+--------+
         Total |  10783 |  10407 |    376 |   2035 |   5439 |  10 | 1078.3 |
       Dungeon |  10503 |  10127 |    376 |   1910 |   5365 |   8 | 1312.9 |
        Temple |    100 |    100 |      0 |      0 |     74 |   1 |  100.0 |
         Abyss |    179 |    179 |      0 |    125 |      0 |   1 |  179.0 |
               +--------+--------+--------+--------+--------+-----+--------+

Top non-repeatable levels by time:
     D:7: 2413 daAuts
     D:4: 1684 daAuts
     D:2: 1419 daAuts
     D:3: 1331 daAuts
     D:5: 1158 daAuts
     D:1: 988 daAuts
     D:6: 920 daAuts
     D:8: 588 daAuts
 Abyss:1: 179 daAuts
  Temple: 100 daAuts
